 Dungeon Crawl Stone Soup version 0.27.1-3-gb3d3a73c9e (webtiles) character file.

Game seed: 12152704106159089687

3 barney the Ruffian (level 1, 0/16 HPs)
             Began as a Draconian Transmuter on Oct 6, 2021.
             Slain by a goblin (1 damage)
             ... on level 1 of the Dungeon.
             The game lasted 00:00:18 (61 turns).

barney the Ruffian (Draconian Transmuter)             Turns: 61, Time: 00:00:19

Health: 0/16       AC:  4    Str: 12    XL:     1   Next: 41%
Magic:  2/3        EV: 12    Int: 13    God:
Gold:   0          SH:  0    Dex: 11    Spells: 3/4 levels left

rFire    . . .     SeeInvis .     - Unarmed
rCold    . . .     Faith    .   (no shield)
rNeg     . . .     Spirit   .   (armour unavailable)
rPois    .         Reflect  .   (helmet currently unavailable)
rElec    .         Harm     .   (no cloak)
rCorr    .         Rampage  .   (no gloves)
Will     .....                  (boots currently unavailable)
Stlth    +.........             (no amulet)
HPRegen  0.05/turn              (no ring)
MPRegen  0.08/turn              (no ring)

@: appendages (expiring)
A: horns 2, talons 2, AC +4, unfitting armour, cold-blooded
a: End Transformation


You were on level 1 of the Dungeon.
You had temporarily grown beastly horns and talons.
You visited 1 branch of the dungeon, and saw 1 of its levels.

You aren't carrying anything.


   Skills:
 - Level 1.1 Fighting
 - Level 1.7 Dodging
 - Level 3.0 Unarmed Combat
 - Level 2.0 Spellcasting
 + Level 2.3 Transmutations


You had 3 spell levels left.
You knew the following spells:

 Your Spells              Type           Power      Damage    Failure   Level
a - Beastly Appendage     Tmut           14%        N/A       10%         1

Your spell library contained the following spells:

 Spells                   Type           Power      Damage    Failure   Level
 Wereblood                Tmut           7%         N/A       16%         2
 Spider Form              Tmut/Pois      2%         N/A       43%         3
 Ice Form                 Ice/Tmut       4%         N/A       85%         4


Dungeon Overview and Level Annotations

Branches:
Dungeon (1/15)

Altars:


Innate Abilities, Weirdness & Mutations

You have temporarily grown beastly horns and talons.
Your plain brown scales are hard. (AC +4)
You cannot fit into any form of body armour.
You are cold-blooded and may be slowed by cold attacks.


Message History

The bat hits you. The goblin hits you but does no damage.
The bat closely misses you. The bat barely misses you.
The jackal barely misses you.
The bat closely misses you. x2; The goblin hits you but does no damage.
The bat barely misses you. The bat hits you but does no damage.
The bat barely misses you.
Casting: Beastly Appendage (safe; 11% risk of failure)
Confirm with . or Enter, or press ? or * to list all spells.
You grow a pair of large bovine horns.
Your feet morph into talons.
The bat hits you but does no damage. The bat barely misses you.
You barely miss the bat.
The bat is heavily wounded.
The bat closely misses you. The jackal barely misses you.
You hit the jackal but do no damage. You claw the jackal, but do no damage.
You headbutt the jackal.
You kill the jackal!
You barely miss the jackal. Your headbutt misses the jackal.
The jackal closely misses you. x2; The jackal bites you.
You barely miss the jackal.
The jackal is heavily wounded.
The jackal bites you but does no damage.
The jackal barely misses you.
The jackal bites you but does no damage.
The goblin hits you with a +0 dagger.
You barely miss the jackal. You claw the jackal, but do no damage.
Your tail-slap misses the jackal.
The jackal is heavily wounded.
Your transformation is almost over.
The jackal bites you but does no damage.
The jackal barely misses you. The goblin hits you but does no damage.
Unknown command.
You hit the jackal. You claw the jackal.
You kill the jackal!
The jackal bites you.
* * * LOW HITPOINT WARNING * * *
The jackal bites you.
* * * LOW HITPOINT WARNING * * *
The goblin hits you with a +0 dagger.
You die...

#....#..### .#
##...###....######.#.
....................
#...##..#.#.#.......
..............##.#
####.............##.#.
..................... #
#..##......†...#...
#.#####.bh@.#.#.#†#....#.
........###g...........#
............#.#.#.#......
#.###....................
#....$..#.#.#.#......
#.......$.......##.#+
#.......#.#.#.#......
#....................
#.######..#.#..##..


You could see a jackal, a goblin and a bat.

Vanquished Creatures
  A ball python (D:1)
  2 jackals (D:1)
  A rat (D:1)
4 creatures vanquished.

Notes
Turn   | Place    | Note
-------+----------+-------------------------------------------
     0 | D:1      | barney the Draconian Transmuter began the quest for the
                  | Orb.
     0 | D:1      | Reached XP level 1. HP: 16/16 MP: 3/3
    61 | D:1      | Slain by a goblin

Illustrated notes

Levels and vault maps discovered:
D:1:      dpeg_arrival_arbitrary_b, layout_basic, serial_glass, glass_columns_a,
          glass_columns_c, serial_bayou_lake_a

Action                   || total
-------------------------++-------
Melee: Unarmed           ||    20
       Kick              ||     4
       Headbutt          ||     2
       Tailslap          ||     1
       Punch             ||     1
 Cast: Beastly Appendage ||     3
Armor: Skin              ||    28
Dodge: Dodged            ||    39
